 Dungeon Crawl Stone Soup version 0.24.0-13-gcf9b3192b9 (webtiles) character file.

Game seed: 9331782644278720179, levelgen mode: deterministic

37352 Flugslaktarn the Cleaver (level 13, 0/121 HPs)
             Began as a Deep Dwarf Fighter on Nov 10, 2019.
             Was a High Priest of Makhleb.
             Killed from afar by a shock serpent (12 damage)
             ... with a bolt of electricity
             ... on level 1 of the Snake Pit.
             The game lasted 00:10:20 (11988 turns).

Flugslaktarn the Cleaver (Deep Dwarf Fighter)      Turns: 11988, Time: 00:10:20

Health: 0/121      AC: 23    Str: 31    XL:     13   Next: 57%
Magic:  2/11       EV:  7    Int: 12    God:    Makhleb [*****.]
Gold:   1081       SH: 13    Dex: 12    Spells: 12/12 levels left

rFire    . . .     SeeInvis .   D - +2 war axe (chop)
rCold    . . .     Gourm    .   c - +0 shield
rNeg     . . .     Faith    .   I - +0 plate armour
rPois    +         Spirit   .   u - +2 helmet {Int+3}
rElec    .         Reflect  .   i - +2 cloak
rCorr    .         Harm     .   k - +0 pair of gloves
MR       +....                  (no boots)
Stlth    ..........             g - amulet of the acrobat
HPRegen  0.00/turn              o - ring of poison resistance
MPRegen  0.12/turn              J - +6 ring of strength

@: non-regenerating
A: damage resistance, heal wounds, sense surroundings 2, no regeneration
a: Heal Wounds, Minor Destruction, Lesser Servant of Makhleb, Major Destruction,
Greater Servant of Makhleb, Renounce Religion


You were on level 1 of the Snake Pit.
You worshipped Makhleb.
Makhleb was extremely pleased with you.
You were not hungry.

You visited 3 branches of the dungeon, and saw 17 of its levels.
You also visited: Sewer and Gauntlet.

You collected 1081 gold pieces.

Inventory:

Hand Weapons
 a - a +3 war axe of chaos
   (You subdued it on level 1 of the Lair of Beasts)
 b - the +9 trident of Jeufeiv {pain, rElec rPois rN+ Dex-4}
   (You found it on level 6 of the Dungeon)

   In the hands of one skilled in necromantic magic, it inflicts extra damage on
   living creatures.
   It affects your dexterity (-4).
   It insulates you from electricity.
   It protects you from poison.
   It protects you from negative energy.
 D - a +2 war axe of chopping (weapon)
   (You found it on level 2 of the Dungeon)
Armour
 c - a +0 shield (worn)
 i - a +2 cloak (worn)
   (You found it on level 2 of the Dungeon)
 k - a +0 pair of gloves (worn)
   (You found it in a sewer)
 u - a +2 helmet of intelligence (worn)
   (You found it on level 5 of the Dungeon)
 I - a +0 plate armour (worn)
   (You took it off an orc warrior on level 7 of the Dungeon)
Jewellery
 g - an amulet of the acrobat (around neck)
   (You found it on level 4 of the Lair of Beasts)
 o - a ring of poison resistance (left hand)
   (You found it on level 1 of the Lair of Beasts)
 J - a +6 ring of strength (right hand)
   (You found it on level 3 of the Lair of Beasts)
Wands
 f - a wand of paralysis (10)
   (You found it on level 4 of the Dungeon)
 l - a wand of acid (13)
   (You found it on level 8 of the Dungeon)
 y - a wand of enslavement (10)
   (You found it on level 8 of the Dungeon)
Scrolls
 m - 3 scrolls of torment {unknown}
 r - a scroll of identify
 s - 2 scrolls of fog
 t - 9 scrolls of teleportation
 v - a scroll of enchant armour
 x - a scroll of enchant weapon
 z - a scroll of blinking
 H - a scroll of vulnerability
 K - 4 scrolls of magic mapping
 M - 6 scrolls of remove curse
Potions
 d - 4 potions of might
 h - a potion of haste
 j - 2 potions of lignification
 n - a potion of resistance
 p - a potion of invisibility
 q - 12 potions of curing
 w - 2 potions of heal wounds
 B - a potion of brilliance
 C - 2 potions of magic
 E - 4 potions of flight
 F - a potion of ambrosia {unknown}
Comestibles
 e - 37 rations
 A - 3 chunks of flesh


   Skills:
 + Level 9.4 Fighting
 * Level 14.5 Axes
 + Level 11.0 Armour
 + Level 11.0 Shields
 - Level 6.0 Invocations
 + Level 11.4 Evocations


You had 12 spell levels left.
You didn't know any spells.
Your spell library was empty.

Dungeon Overview and Level Annotations

Branches:
Dungeon (10/15)            Temple (0/1) D:6            Lair (6/6) D:9
 Shoals (0/4) Lair:2        Snake (1/4) Lair:4        Slime (0/5) Lair:6
    Orc (0/2) D:9           Sewer (visited)         Gauntlet (visited)

Altars:
Elyvilon
Gozag
Kikubaaqudgha
Makhleb
Nemelex Xobeh
Okawaru
Qazlal
Wu Jian
Xom
Yredelemnul
The Shining One
Beogh
Jiyva

Annotations:
Lair:5 exclusion: 3 oklob plants


Innate Abilities, Weirdness & Mutations

You are resistant to damage.
You can heal yourself by infusing magical energy.
You passively map the area around you.
You do not regenerate.


Message History

The mana viper bites you.
You feel your power leaking away.
You are too injured to fight recklessly!
You are too injured to fight recklessly!
A naga comes into view.
It is wielding a +0 scimitar of holy wrath.
The naga shouts!
You hear a shout!
The shock serpent shoots out a bolt of lightning at you!
The bolt of electricity hits you!!
* * * LOW HITPOINT WARNING * * *
The naga sharpshooter mumbles some strange words.
The naga sharpshooter magically shoots an arrow.
The arrow hits you but does no damage.
A naga warrior comes into view. It is wielding a +0 glaive.
You block the mana viper's attack.
You see here 2 arrows.
You miss the shock serpent.
The shock serpent is almost dead.
The shock serpent shoots out a bolt of lightning at you!
The bolt of electricity hits you!
You die... #.#.. .8N#* * ## .#.. , ,.... ,, # .NN

, .N... , , # #.. ,
..... , * , #
#..##.8.8.# . ##
#.N#.....# .#*#####.
#SS.N.......###.....
##S##...##.##.^.....
#.@#####..#........
##.......##........
##.....##....##.#.
###.###..####..#.
#.....## #....
####### * ..### ...
* * *,, , ,


You could see a naga sharpshooter, a shock serpent, 2 mana vipers and 2 nagas.

Vanquished Creatures
  3 hydras
  A naga warrior (Snake:1)
  3 catoblepae (Lair:6)
  2 two-headed ogres
  A dancing weapon (Lair:1)
  9 death yaks
  A shock serpent (Snake:1)
  2 manticores (Lair:6)
  A guardian serpent (Lair:4)
  5 black mambas
  9 spiny frogs
  A rime drake (Lair:5)
  2 komodo dragons (Lair:1)
  A troll (D:9)
  A hornet (D:9)
  A snapping turtle (Lair:2)
  10 blink frogs
  6 hippogriffs
  35 yaks
  A wyvern (D:9)
  3 basilisks
  15 water moccasins
  8 porcupines
  2 sky beasts
  2 ice beasts
  A phantom (D:4)
  5 orc warriors
  5 ogres
  A necrophage (D:9)
  7 wolves
  3 centaurs (D:5)
  11 crocodiles
  Blork the orc (D:6)
  10 bullfrogs
  A gnoll sergeant (D:8)
  A wyvern zombie (D:6)
  5 scorpions
  4 wights (D:9)
  7 howler monkeys
  4 electric eels
  2 crimson imps
  A bullfrog zombie (D:5)
  2 centaur zombies
  5 hounds
  A centaur skeleton (D:9)
  2 jellies (D:9)
  6 orc priests
  3 orc wizards
  A bullfrog skeleton (D:9)
  2 iguanas
  Terence (D:3)
  5 worker ants
  2 hound zombies (D:9)
  A hound skeleton (D:8)
  6 adders
  4 shadow imps
  5 oozes
  2 adder skeletons
  4 worms (Sewer)
  12 leopard geckos
  28 orcs
  3 ball pythons (Sewer)
  9 bats
  6 giant cockroaches
  3 goblins
  3 hobgoblins
  8 jackals
  5 quokkas
  7 frilled lizards
  7 kobolds
  A quokka skeleton (D:8)
  A quokka zombie (D:9)
  4 rats
  4 fungi
  5 plants
352 creatures vanquished.

Vanquished Creatures (collateral kills)
  A hydra (Lair:5)
  The ghost of Daviar the Spear-Bearer, a journeyman TeBe of Trog (Lair:1)
  A spiny frog (Lair:5)
  2 komodo dragons (Lair:6)
  A blink frog (Lair:6)
  2 yaks (Lair:6)
  A basilisk (Lair:2)
9 creatures vanquished.

Vanquished Creatures (others)
  An adder (D:9)
  A demonic plant (Gauntlet)
  2 plants
4 creatures vanquished.

Grand Total: 365 creatures vanquished

Notes
Turn   | Place    | Note
-------+----------+-------------------------------------------
     0 | D:1      | Flugslaktarn the Deep Dwarf Fighter began the quest for the
                  | Orb.
     0 | D:1      | Reached XP level 1. HP: 20/20 MP: 1/1
   214 | D:2      | Reached XP level 2. HP: 27/27 MP: 2/2
   353 | D:2      | Reached skill level 3 in Axes
   353 | D:2      | Reached XP level 3. HP: 30/33 MP: 3/3
   604 | D:3      | Reached XP level 4. HP: 31/42 MP: 4/4
   655 | D:3      | Found a glowing drain.
   665 | Sewer    | Entered a sewer
   996 | Sewer    | Reached XP level 5. HP: 46/49 MP: 4/4
  1030 | Sewer    | Reached skill level 4 in Axes
  1228 | D:3      | Found a white marble altar of Elyvilon.
  1266 | D:3      | Noticed Terence
  1273 | D:3      | Killed Terence
  1274 | D:3      | Found a basalt altar of Yredelemnul.
  1567 | D:3      | Reached XP level 6. HP: 48/56 MP: 5/5
  1644 | D:4      | Reached skill level 5 in Axes
  1648 | D:4      | Found an ornate altar of the Wu Jian Council.
  1708 | D:4      | Reached XP level 7. HP: 49/64 MP: 6/6
  1810 | D:4      | Reached skill level 5 in Shields
  1937 | D:4      | Found an ancient bone altar of Kikubaaqudgha.
  1948 | D:4      | Reached skill level 5 in Armour
  2593 | D:5      | Entered Level 5 of the Dungeon
  2614 | D:5      | Reached skill level 6 in Axes
  2704 | D:5      | Found a burning altar of Makhleb.
  2754 | D:5      | Became a worshipper of Makhleb the Destroyer
  2832 | D:5      | Reached skill level 1 in Evocations
  2875 | D:5      | Reached skill level 1 in Invocations
  2886 | D:5      | You fall into a shaft and drop 3 floors!
  2985 | D:7      | Found a sparkling altar of Nemelex Xobeh.
  2986 | D:7      | Found an opulent altar of Gozag.
  3028 | D:7      | Reached XP level 8. HP: 54/73 MP: 7/7
  3273 | D:5      | Reached skill level 7 in Axes
  3323 | D:5      | Reached * piety under Makhleb
  3658 | D:6      | Found an iron altar of Okawaru.
  3659 | D:6      | Reached skill level 5 in Fighting
  3780 | D:6      | Noticed Blork the orc
  3781 | D:6      | Found a staircase to the Ecumenical Temple.
  3786 | D:6      | Killed Blork the orc
  3864 | D:6      | Gained mutation: You passively map the area around you.
                  | [Deep Dwarf growth]
  3864 | D:6      | Reached XP level 9. HP: 48/81 MP: 9/9
  4171 | D:6      | Got a bloodstained trident
  4172 | D:6      | Identified the +9 trident of Jeufeiv {pain, rElec rPois rN+
                  | Dex-4} (You found it on level 6 of the Dungeon)
  4253 | D:7      | Reached skill level 8 in Axes
  4279 | D:7      | Reached ** piety under Makhleb
  4306 | D:7      | Found a glowing golden altar of the Shining One.
  4841 | D:8      | Noticed a two-headed ogre
  4856 | D:8      | Killed a two-headed ogre
  4856 | D:8      | Reached skill level 5 in Invocations
  4856 | D:8      | Reached skill level 5 in Evocations
  4909 | D:8      | Reached skill level 9 in Axes
  5175 | D:8      | Reached XP level 10. HP: 59/91 MP: 10/10
  5196 | D:8      | You fall into a shaft and drop 1 floor!
  5341 | D:9      | Reached *** piety under Makhleb
  5345 | D:9      | Found a staircase to the Lair.
  5346 | D:9      | Noticed a two-headed ogre
  5358 | D:9      | Killed a two-headed ogre
  5358 | D:9      | Reached skill level 10 in Axes
  5503 | D:9      | Found a staircase to the Orcish Mines.
  5553 | D:9      | Found a roughly hewn altar of Beogh.
  5592 | D:9      | Reached XP level 11. HP: 99/99 MP: 11/11
  5740 | D:9      | Found a stormy altar of Qazlal.
  6068 | D:10     | Entered Level 10 of the Dungeon
  6104 | Lair:1   | Entered Level 1 of the Lair of Beasts
  6104 | Lair:1   | Found a runed translucent door.
  6104 | Lair:1   | Found a shimmering altar of Xom.
  6104 | Lair:1   | Noticed Daviar's ghost (journeyman TeBe)
  6104 | Lair:1   | Noticed a +3 war axe of chaos
  6170 | Lair:1   | Killed Daviar's ghost
  6177 | Lair:1   | Killed a +3 war axe of chaos
  6177 | Lair:1   | Reached skill level 11 in Axes
  7086 | Lair:1   | Got a distressingly furry scale mail
  7097 | Lair:1   | Identified the +3 scale mail of Hiuhoarph {Int+2} (You
                  | found it on level 1 of the Lair of Beasts)
  7265 | Lair:2   | Noticed a four-headed hydra
  7275 | Lair:2   | Killed a four-headed hydra
  7448 | Lair:2   | Found a staircase to the Shoals.
  7936 | Lair:3   | Reached skill level 12 in Axes
  7940 | Lair:3   | Reached **** piety under Makhleb
  8268 | Lair:3   | Noticed a seven-headed hydra
  8284 | Lair:3   | Killed a 13-headed hydra
  8284 | Lair:3   | Reached XP level 12. HP: 40/110 MP: 11/11
  8652 | Lair:3   | Noticed a seven-headed hydra
  8662 | Lair:3   | Killed a seven-headed hydra
  8981 | Lair:4   | Found a gate leading to a gauntlet.
  8989 | Gauntlet | Entered a Gauntlet
  8989 | Gauntlet | Found a transporter.
  9001 | Gauntlet | Found a transporter.
  9014 | Gauntlet | Found a transporter.
  9019 | Gauntlet | Found a transporter.
  9034 | Gauntlet | Found a transporter.
  9035 | Gauntlet | Noticed a two-headed ogre
  9035 | Gauntlet | a snapping turtle changed into a two-headed ogre
  9045 | Gauntlet | a two-headed ogre changed into a sea snake
  9053 | Gauntlet | Found a transporter.
  9065 | Gauntlet | Found a transporter.
  9077 | Gauntlet | Found a transporter.
  9077 | Gauntlet | Noticed a balrug
  9089 | Gauntlet | Found a transporter.
  9089 | Gauntlet | Noticed a catoblepas
  9095 | Gauntlet | Found a transporter.
  9106 | Gauntlet | Found a large runed translucent door.
  9107 | Gauntlet | Found a large runed translucent door.
  9108 | Gauntlet | Found a large runed translucent door.
  9108 | Gauntlet | Found a large runed translucent door.
  9109 | Gauntlet | Found a runed translucent gate.
  9110 | Gauntlet | Found a transporter.
  9110 | Gauntlet | Found a runed translucent gate.
  9111 | Gauntlet | Found a runed translucent gate.
  9112 | Gauntlet | Found a large runed translucent door.
  9112 | Gauntlet | Found a large runed translucent door.
  9113 | Gauntlet | Found a large runed translucent door.
  9114 | Gauntlet | Found a large runed translucent door.
  9123 | Gauntlet | Found a large runed translucent door.
  9123 | Gauntlet | Found a large runed translucent door.
  9123 | Gauntlet | Found a runed translucent door.
  9123 | Gauntlet | Found a runed translucent door.
  9124 | Gauntlet | Found a large runed translucent door.
  9125 | Gauntlet | Found a large runed translucent door.
  9127 | Gauntlet | Found a transporter.
  9135 | Gauntlet | Found a large runed translucent door.
  9135 | Gauntlet | Found a large runed translucent door.
  9136 | Gauntlet | Found a large runed translucent door.
  9137 | Gauntlet | Found a large runed translucent door.
  9145 | Gauntlet | Found a transporter.
  9147 | Gauntlet | Found a transporter.
  9171 | Gauntlet | Noticed a death scarab
  9172 | Gauntlet | Found a transporter.
  9174 | Gauntlet | Found a transporter.
  9194 | Gauntlet | Found a transporter.
  9272 | Gauntlet | Found a transporter.
  9712 | Lair:4   | Found a staircase to the Snake Pit.
  9947 | Lair:4   | Noticed a death yak
  9948 | Lair:4   | Noticed a death yak
  9949 | Lair:4   | Noticed a death yak
  9949 | Lair:4   | Noticed a death yak
  9961 | Lair:4   | Killed a death yak
  9967 | Lair:4   | Killed a death yak
  9967 | Lair:4   | Reached skill level 13 in Axes
  9972 | Lair:4   | Killed a death yak
  9972 | Lair:4   | Reached skill level 10 in Shields
  9973 | Lair:4   | Killed a death yak
  9973 | Lair:4   | Reached skill level 10 in Armour
  9973 | Lair:4   | Reached skill level 10 in Evocations
 10197 | Lair:5   | Noticed a seven-headed hydra
 10210 | Lair:5   | Killed a seven-headed hydra
 10796 | Lair:6   | Entered Level 6 of the Lair of Beasts
 11082 | Lair:6   | Found a viscous altar of Jiyva.
 11084 | Lair:6   | Found a staircase to the Slime Pits.
 11156 | Lair:6   | Reached XP level 13. HP: 112/120 MP: 12/12
 11203 | Lair:6   | Reached ***** piety under Makhleb
 11401 | Lair:6   | Reached skill level 14 in Axes
 11908 | Snake:1  | Entered Level 1 of the Snake Pit
 11988 | Snake:1  | Killed from afar by a shock serpent

Levels and vault maps discovered:
D:1:      kilobyte_arrival_exit_the_forest, layout_basic
D:2:      layout_basic, lemuel_coloured_pillars_altar, grunt_nemelex_the_gamble,
          uniq_natasha
D:3:      layout_loops_cross, nicolae_overflow_crystal_walls, led_sif_pool,
          lemuel_doored_altar, first_ration, portal_sewer_entry_f,
          elyvilon_altar_5, uniq_terence, uniq_ijyb
D:4:      layout_basic, overflow_temple_1_default, kiku_gazebo_pond_becter
D:5:      layout_loops_ring, marbit_many_paths, minmay_misc_feat_hallway
D:6:      layout_loops_ring, minmay_temple_entry_junction, minmay_door_square,
          okawaru_metal_pillars_1_2, uniq_blork_the_orc
D:7:      layout_loops_ring, grunt_temple_overflow_opulence,
          nicolae_tso_carved_into_rock, grunt_ogre_cave
D:8:      layout_loops_ring, sword_in_stone
D:9:      layout_basic, kennysheep_mini, erik_lair_island,
          minmay_orc_entry_temple_small
D:10:     layout_basic, uniq_joseph, uniq_erica
Lair:1:   layout_gridlike, ebering_ghost_xom, chequers_serial_rivers_small_a,
          minivault_23
Lair:2:   layout_regular_city, minmay_shoals_entry_hut, serial_bayou_shore_a
Lair:3:   layout_layer_cave, beast_lair_carwin_9
Lair:4:   layout_regular_city, minmay_snake_entry_spellcaster,
          gauntlet_entry_generic, grunt_megastairs_5
Lair:5:   layout_loops_ring, minmay_lair_oklob_chamber, lemuel_fruit_fields,
          grunt_megastairs_3
Lair:6:   evilmike_catoblepas_cave, layout_regular_city, slime_altar_1,
          columned_hall_lemuel, lemuel_fruit_fields
Snake:1:  layout_rooms, st_stairs_14, grunt_megastairs_2, serial_bayou_shore_b,
          uniq_josephine

Skill      XL: |  1  2  3  4  5  6  7  8  9 10 11 12 13 |
---------------+----------------------------------------+-----
Axes           | 3 4 5 6 7 9 10 12 13 14 | 14.5
Fighting       | 3 4 5 6 7 8 9 |  9.4
Shields        | 4 5 6 7 8 9 10 11 | 11.0
Armour         | 4 5 6 7 8 9 10 11 | 11.0
Evocations     | 1 3 5 7 9 10 11 | 11.4
Invocations    | 1 3 5 6 |  6.0

Action                   |  1- 3 |  4- 6 |  7- 9 | 10-12 | 13-15 || total
-------------------------+-------+-------+-------+-------+-------++-------
Melee: War axe           |    52 |   137 |   307 |   668 |   158 ||  1322
       Trident           |       |       |       |    15 |       ||    15
Invok: Lesser Servant of |       |       |       |     5 |       ||     5
       Major Destruction |       |       |       |     1 |       ||     1
 Abil: Heal Wounds       |       |     1 |     6 |    13 |     7 ||    27
Evoke: Wand              |       |       |       |     3 |     3 ||     6
  Use: Potion            |       |     2 |       |     1 |       ||     3
       Scroll            |       |       |       |    20 |       ||    20
 Stab: Paralysed         |       |       |       |     6 |       ||     6
       Petrifying        |       |       |       |     2 |     2 ||     4
       Petrified         |       |       |       |     1 |     9 ||    10
       Confused          |       |       |       |     1 |     2 ||     3
       Distracted        |       |       |       |     1 |     1 ||     2
  Eat: Chunk             |       |     3 |    24 |    17 |       ||    44
Armor: Chain mail        |    23 |   103 |   161 |   117 |       ||   404
       Scale mail        |     1 |       |       |     1 |       ||     2
       Plate armour      |       |       |       |   231 |    60 ||   291
Dodge: Dodged            |     8 |    33 |    70 |   154 |    29 ||   294
Block: Shield            |    31 |    79 |   168 |   379 |    81 ||   738
